Map: [ESL] Waterfall

Players

Reynor - Winner!

  • Race: Zerg Zerg
  • League: Master
  • Spawn Location: 1:00

Solar

  • Race: Zerg Zerg
  • League: Grandmaster
  • Spawn Location: 7:00

Event: TSL 9

VOD

Have the link to the VOD?

Description

Time

  • Played on: Sept. 3, 2022, 9:54 a.m.
  • Length: 8:05

All games in this series

Show
View Real Time Build Order
Export as new Build Order

Reynor Zerg - Winner!

Build Orders: Pool First 

Get SALT Encoding   

  12  0:17  Spawning Pool  
  11  0:21  Drone  
  11  0:26  Drone  
  13  0:30  Drone  
  14  0:39  Overlord  
  14  1:03  Zergling x4  
  16  1:05  Zergling x2  
  17  1:16  Zergling x2  
  17  1:18  Hatchery  
  17  1:26  Zergling x2  
  18  1:33  Queen  
  18  1:38  Zergling x2  
  21  1:47  Overlord  
  21  1:58  Drone  
  22  2:09  Queen  
  22  2:10  Drone  
  25  2:20  Drone  
  24  2:31  Drone x2  
  24  2:35  Queen  
  25  2:42  Drone x3  
  28  2:45  Drone, Extractor  
  28  2:49  Drone  
  29  2:53  Overlord  
  29  2:57  Drone  
  30  3:02  Drone  
  31  3:06  Drone  
  31  3:14  Drone x2  
  31  3:15  Drone x2  
  34  3:20  Drone  
  34  3:26  Overlord  
  35  3:29  Drone  
  35  3:30  Drone  
  35  3:33  Drone  
  38  3:36  Drone  
  38  3:39  Zergling x2  
  40  3:44  Metabolic Boost  
  40  3:53  Drone x2  
  40  3:54  Drone  
  40  3:55  Drone  
  44  4:01  Hatchery  
  43  4:08  Zergling x4, Baneling Nest  
  44  4:11  Zergling x4  
  44  4:15  Overlord  
  44  4:16  Zergling x2  
  47  4:21  Drone  
  47  4:23  Evolution Chamber  
  47  4:25  Zergling x6  
  47  4:30  Overlord  
  50  4:34  Drone x2  
  50  4:37  Drone  
  54  4:41  Drone  
  54  4:47  Drone  
  54  4:49  Zerg Missile Weapons Level 1  
  54  4:52  Drone x3  
  58  4:53  Roach Warren  
  58  4:59  Overlord  
  57  5:04  Drone  
  57  5:05  Lair  
  58  5:07  Extractor x2  
  58  5:11  Drone x3  
  58  5:12  Overlord  
  58  5:13  Drone  
  58  5:14  Drone  
  61  5:20  Overlord  
  59  5:26  Drone  
  58  5:35  Roach x3  
  64  5:36  Drone x3  
  64  5:38  Overlord  
  64  5:40  Extractor  
  66  5:44  Roach  
  66  5:46  Roach  
  66  5:48  Roach  
  66  5:49  Roach  
  74  5:51  Queen, Drone x2  
  74  5:54  Overlord  
  74  5:56  Roach  
  80  6:01  Roach  
  80  6:03  Roach x2  
  86  6:05  Roach  
  88  6:12  Glial Reconstitution, Overlord  
  88  6:15  Zergling x2, Roach  
  88  6:17  Roach  
  93  6:19  Zergling x2  
  93  6:23  Zergling x4, Roach x2  
  93  6:24  Queen  
  101  6:29  Roach x2  
  101  6:31  Roach x2  
  101  6:32  Zergling x2  
  103  6:36  Roach x2  
  103  6:39  Roach  
  102  6:45  Roach x3  
  104  6:48  Roach  
  104  6:52  Queen  
  104  6:53  Overlord  
  108  6:55  Roach  
  108  6:57  Drone x2  
  108  6:59  Roach  
  114  7:03  Roach x2  
  114  7:05  Roach  
  114  7:07  Overlord  
  120  7:12  Roach x2  
  120  7:13  Roach  
  126  7:16  Roach  
  126  7:19  Roach  
  126  7:21  Overlord  
  129  7:27  Roach x3  
  129  7:29  Roach  
  137  7:34  Overlord  
  137  7:35  Overlord  
  137  7:46  Roach x4  
Show
View Real Time Build Order
Export as new Build Order

Solar Zerg 

Build Orders: Hatch First 

Get SALT Encoding   

  12  0:00  Drone  
  13  0:12  Overlord  
  13  0:17  Drone  
  14  0:30  Drone x2  
  16  0:48  Hatchery  
  15  0:51  Drone  
  15  0:54  Drone  
  17  0:57  Drone  
  18  1:05  Extractor  
  17  1:13  Spawning Pool  
  17  1:16  Drone  
  17  1:20  Drone  
  18  1:29  Drone  
  19  1:59  Zergling x2  
  19  2:00  Zergling x6, Queen x2  
  26  2:10  Zergling x2  
  26  2:15  Zergling x2  
  25  2:23  Zergling x2  
  24  2:35  Drone  
  22  2:40  Drone  
  23  2:44  Drone  
  23  2:47  Drone  
  25  2:53  Overlord  
  25  2:58  Drone  
  25  3:00  Drone  
  25  3:04  Drone  
  28  3:12  Drone  
  28  3:14  Drone x2  
  28  3:15  Drone  
  28  3:18  Drone  
  31  3:28  Overlord  
  31  3:29  Drone  
  31  3:32  Drone  
  33  3:36  Drone  
  33  3:38  Lair  
  34  3:42  Drone  
  34  3:47  Drone, Evolution Chamber  
  35  3:52  Drone x3  
  35  3:54  Drone  
  39  3:58  Drone  
  40  4:03  Drone, Roach Warren  
  40  4:07  Extractor  
  40  4:08  Overlord  
  39  4:10  Drone  
  39  4:13  Drone  
  41  4:17  Zerg Missile Weapons Level 1  
  41  4:18  Drone  
  41  4:19  Drone  
  41  4:21  Extractor  
  41  4:23  Drone  
  43  4:26  Drone  
  43  4:27  Drone  
  43  4:31  Drone, Overlord  
  45  4:33  Drone  
  45  4:37  Overseer  
  47  4:39  Overlord  
  47  4:49  Glial Reconstitution  
  47  4:51  Roach  
  49  4:54  Roach  
  49  4:58  Roach  
  53  5:01  Hatchery  
  53  5:04  Roach  
  53  5:06  Roach  
  56  5:09  Roach  
  56  5:10  Roach  
  56  5:13  Overlord  
  60  5:21  Roach x2  
  64  5:22  Roach  
  64  5:27  Roach  
  64  5:30  Roach  
  64  5:35  Roach  
  68  5:37  Overlord  
  68  5:39  Roach  
  68  5:42  Roach  
  72  5:45  Roach  
  72  5:47  Roach  
  76  5:55  Queen, Overlord  
  78  5:57  Roach  
  78  5:59  Roach  
  78  6:03  Roach  
  84  6:06  Roach  
  84  6:14  Roach x2  
  84  6:16  Queen  
  84  6:17  Drone  
  91  6:19  Drone  
  91  6:24  Ravager  
  92  6:27  Drone  
  92  6:30  Drone x2  
  92  6:31  Drone  
  92  6:32  Drone  
  93  6:33  Drone  
  93  6:34  Drone  
  87  6:40  Drone  
  87  6:43  Drone  
  87  6:45  Drone  
  90  6:54  Evolution Chamber  
  89  6:55  Drone x2  
  89  6:57  Drone, Extractor  
  89  6:58  Overlord  
  89  7:01  Drone x3  
  94  7:06  Overlord  
  94  7:14  Drone x2  
  94  7:15  Drone x2  
  98  7:17  Overlord  
  98  7:18  Roach x3  
  104  7:24  Roach  
  104  7:27  Overlord  
  108  7:30  Roach  
  108  7:31  Roach  
  108  7:33  Roach  
  108  7:34  Ravager  
  108  7:35  Roach  
  108  7:37  Ravager  
  116  7:40  Roach x2  
  116  7:43  Roach  
  120  7:44  Roach  
Tags
 
Add a new tag
Caveats
  • Supply blocks, unpowered buildings, or Contaminate may cause inaccurate times.
  • Supply counts are checked every 10 seconds.